 Dungeon Crawl Stone Soup version 0.17.0-24-gcfadda4 (webtiles) character file.

119 oplop the Insei (level 5, -2/33 HPs)
             Began as an Octopode Transmuter on Nov 17, 2015.
             Hit by a tomahawk thrown by an orc warrior (17 damage)
             ... on level 3 of the Dungeon.
             The game lasted 00:04:07 (2197 turns).

oplop the Insei (Octopode Transmuter)               Turns: 2197, Time: 00:04:08

Health: -2/33      AC:  2    Str: 10    XL:     5   Next: 3%
Magic:  5/8        EV: 20    Int: 15    God:
Gold:   80         SH:  0    Dex: 18    Spells: 3 memorised, 3 levels left

rFire  . . .     SeeInvis .       - Unarmed
rCold  . . .     Clarity  .     (shield currently unavailable)
rNeg   . . .     SustAt   .     (helmet currently unavailable)
rPois  x         Gourm    .     p - amulet of faith
rElec  .         Spirit   .     e - ring of wizardry
rCorr  .         Warding  .     m - ring of teleportation (curse)
rMut   .         Rnd*Tele +     (no ring)
MR     .....                    (no ring)
Stlth  +++.......               (no ring)
                                (no ring)
                                (no ring)
                                (no ring)

@: spider-form (expiring), not resistant to hostile enchantments, fairly
stealthy
A: almost no armour, amphibious, 8 rings, (constrict 8), (camouflage 0),
(gelatinous body 0)
a: End Transformation, Evoke Teleportation


You were on level 3 of the Dungeon.
You were hungry.
You were a venomous arachnid creature.
You visited 1 branch of the dungeon, and saw 3 of its levels.

You collected 80 gold pieces.

Inventory:

Missiles
 a - 63 arrows
 f - 21 poisoned arrows
 i - 16 arrows of flame
Jewellery
 e - a ring of wizardry (left front leg)
 m - a cursed ring of teleportation (right front leg)
 p - an amulet of faith (around neck)
Scrolls
 k - a scroll of remove curse {unknown}
 l - a scroll of amnesia {unknown}
 r - 2 scrolls of identify {unknown}
 s - a scroll of recharging {unknown}
 t - a scroll of enchant armour {unknown}
Potions
 d - a potion of invisibility {unknown}
 h - a potion of agility {unknown}
 j - a potion of haste {unknown}
 n - 3 potions of curing {unknown}
 o - a potion of heal wounds {unknown}
Books
 b - a book of Changes

   Spells                             Type                      Level
   a - Beastly Appendage              Transmutation                1
   b - Sticks to Snakes               Transmutation                2
   c - Spider Form                    Transmutation/Poison         3
   d - Ice Form                       Ice/Transmutation            4
   e - Blade Hands                    Transmutation                5
Comestibles
 c - 5 bread rations
 g - 2 meat rations
 q - 5 chunks of flesh


   Skills:
 + Level 1.4 Fighting
 - Level 2.4 Dodging
 - Level 2.8 Stealth
 + Level 3.7 Unarmed Combat
 + Level 2.6 Spellcasting
 + Level 2.4 Transmutations
 + Level 1.3 Poison Magic


You had 3 spell levels left.
You knew the following spells:

 Your Spells              Type           Power        Failure   Level  Hunger
a - Beastly Appendage     Trmt           #.....       10%         1    #......
b - Sticks to Snakes      Trmt           #.........   12%         2    ###....
c - Spider Form           Trmt/Pois      #.........   24%         3    ###....


Dungeon Overview and Level Annotations

Branches:
Dungeon (3/15)

Altars:
Qazlal

Annotations:
D:2 1 exclusion


Innate Abilities, Weirdness & Mutations

You cannot wear most types of armour.
You are amphibious.
You can wear up to eight rings at the same time.
((You can use your tentacles to constrict eight enemies at once.))
((Your skin changes colour to match your surroundings (Stealth).))
((Your rubbery body absorbs attacks (AC +1).))


Message History

The orc misses you.
An orc comes into view. It is wielding a mace.
The orc shouts!
You hit the orc.
You kill the orc!
The orc warrior throws a tomahawk.
The tomahawk misses you.
An orc priest comes into view. It is wielding an enchanted dagger.
The orc warrior barely misses you.
Items here: )) ? [[ † The orc priest shouts!
You hit the orc warrior.
The orc warrior is lightly wounded.
The orc warrior barely misses you.
The orc warrior throws a tomahawk.
The tomahawk hits you!!
Ouch! That really hurt!
You see here a tomahawk.
The orc priest casts a cantrip, but nothing happens.
The orc warrior throws a tomahawk.
The tomahawk hits you!
Ouch! That really hurt!
You die...

##.###### ##.##
#......###..#
######).....######
#......##...#
#<..####(.#...#
....#####.......#
#### #...##...#
#.#.##...#
#)#s###### #...#(#
....###)#
.....####o#
.#..###(oo# ###
#o.oo# #....#
......# .......#


You could see an orc warrior, an orc priest and 3 orcs.

Vanquished Creatures
  Jessica (D:2)
  3 adders (D:2)
  2 oozes (D:2)
  A worm (D:3)
  4 orcs (D:3)
  A ball python (D:3)
  3 giant cockroaches
  8 goblins
  3 hobgoblins
  8 kobolds
  4 bats
  3 giant geckos
  2 giant newts
  7 jackals
  3 rats
53 creatures vanquished.

Notes
Turn   | Place    | Note
--------------------------------------------------------------
     0 | D:1      | oplop the Octopode Transmuter began the quest for the Orb.
     0 | D:1      | Reached XP level 1. HP: 13/13 MP: 3/3
   410 | D:1      | Reached XP level 2. HP: 18/18 MP: 3/5
   648 | D:2      | Reached skill level 1 in Stealth
   734 | D:2      | Reached XP level 3. HP: 19/23 MP: 4/6
   805 | D:2      | Noticed an earth elemental
   806 | D:2      | Found a stormy altar of Qazlal.
   807 | D:2      | Noticed a water elemental
   807 | D:2      | Noticed an air elemental
   807 | D:2      | Noticed a fire elemental
  1369 | D:2      | Noticed Jessica
  1385 | D:2      | Killed Jessica
  1385 | D:2      | Reached XP level 4. HP: 23/28 MP: 5/7
  1534 | D:2      | Learned a level 2 spell: Sticks to Snakes
  1538 | D:2      | Learned a level 3 spell: Spider Form
  1888 | D:3      | Reached skill level 1 in Poison Magic
  2185 | D:3      | Noticed an orc warrior
  2189 | D:3      | Reached XP level 5. HP: 33/33 MP: 4/8
  2197 | D:3      | Hit by a tomahawk thrown by an orc warrior

Action                   |  1- 3 |  4- 6 || total
-------------------------+-------+-------++-------
Melee: Unarmed           |    46 |    63 ||   109
 Cast: Beastly Appendage |    21 |    12 ||    33
       Spider Form       |       |     1 ||     1
  Use: Scroll            |     1 |     1 ||     2
 Stab: Sleeping          |    11 |     6 ||    17
  Eat: Chunk             |     2 |     2 ||     4
